 Dungeon Crawl Stone Soup version 0.24-a0-422-g9eff3895ba (webtiles) character file.

Game seed: 5441978732720251100

145912 theanonym the Fighter (level 16, -5/129 HPs)
             Began as a Mummy Air Elementalist on June 12, 2019.
             Was a High Priest of Vehumet.
             Slain by a seven-headed hydra (7 damage)
             ... on level 3 of the Swamp.
             The game lasted 01:36:35 (45812 turns).

theanonym the Fighter (Mummy Air Elementalist)     Turns: 45812, Time: 01:36:36

Health: -5/129     AC: 18    Str: 13    XL:     16   Next: 88%
Magic:  7/41       EV:  9    Int: 24    God:    Vehumet [*****.]
Gold:   2570       SH: 14    Dex: 13    Spells: 7/40 levels left

rFire    + . .     SeeInvis .   a - staff of conjuration
rCold    + . .     Gourm    .   k - +4 shield of Vehumet's Supremacy {rF+}
rNeg     + + +     Faith    .   E - +1 ring mail {rF+}
rPois    ∞         Spirit   .   j - +2 hat
rElec    .         Reflect  .   q - +2 cloak
rCorr    .         Harm     .   c - +0 pair of gloves
MR       ++...                  o - +2 pair of boots
Stlth    +.........             e - amulet of magic regeneration
HPRegen  0.31/turn              s - ring of magical power
MPRegen  0.52/turn              z - +5 ring of intelligence

@: very slightly contaminated
A: no food or potions, fire vulnerability, cold resistance 1, negative energy
resistance 3, torment resistance, unbreathing, in touch with death 1
a: Renounce Religion


Innate Abilities, Weirdness & Mutations

You do not eat or drink.
Your flesh is vulnerable to fire.
You are immune to poison.
Your flesh is cold resistant. (rC+)
You are immune to negative energy. (rN+++)
You are immune to unholy pain and torment.
You can survive without breathing.
You are in touch with the powers of death.


   Skills:
 + Level 12.9 Fighting
 - Level 10.0 Armour
 - Level 1.5 Dodging
 - Level 1.5 Stealth
 * Level 6.8 Shields
 + Level 12.5 Spellcasting
 - Level 10.0 Conjurations
 - Level 3.0 Translocations
 + Level 11.8 Fire Magic
 - Level 10.0 Air Magic
 - Level 5.0 Poison Magic


You had 7 spell levels left.
You knew the following spells:

 Your Spells              Type           Power        Failure   Level  Hunger
a - Iron Shot             Conj/Erth      ######....   69%         6    N/A
b - Static Discharge      Conj/Air       #######.     1%          3    N/A
c - Lightning Bolt        Conj/Air       #######...   2%          5    N/A
d - Inner Flame           Hex/Fire       #####...     1%          3    N/A
e - Airstrike             Air            ######....   1%          4    N/A
i - Spellforged Servitor  Conj/Summ      ######....   99%         7    N/A
p - Olgreb's Toxic Radia  Pois           #####...     7%          4    N/A
q - Apportation           Tloc           ####..       6%          1    N/A

Your spell library contained the following spells:

 Spells                   Type           Power        Failure   Level  Hunger
 Magic Dart               Conj           ####         1%          1    N/A
 Shock                    Conj/Air       ####         1%          1    N/A
 Searing Ray              Conj           ######       1%          2    N/A
 Throw Frost              Conj/Ice       ######       1%          2    N/A
 Iskenderun's Mystic Bla  Conj           #######.     1%          4    N/A
 Dazzling Spray           Conj/Hex       ######       2%          3    N/A
 Swiftness                Chrm/Air       #####...     4%          2    N/A
 Force Lance              Conj/Tloc      ######..     4%          4    N/A
 Freeze                   Ice            ###.         6%          1    N/A
 Fulminant Prism          Conj/Hex       ######....   8%          4    N/A
 Throw Icicle             Conj/Ice       ######..     8%          4    N/A
 Gell's Gravitas          Tloc           ####......   19%         3    N/A
 Animate Skeleton         Necr           N/A          22%         1    N/A
 Confusing Touch          Hex            ###...       22%         1    N/A
 Corona                   Hex            ###....      22%         1    N/A
 Summon Butterflies       Summ           ###.....     22%         1    N/A
 Summon Small Mammal      Summ           ###.         22%         1    N/A
 Ensorcelled Hibernation  Hex/Ice        ###...       32%         2    N/A
 Slow                     Hex            ###.....     32%         2    N/A
 Portal Projectile        Hex/Tloc       ###...       34%         3    N/A
 Call Canine Familiar     Summ           ###.....     54%         3    N/A
 Confuse                  Hex            ###.....     54%         3    N/A
 Ozocubu's Armour         Chrm/Ice       ###.....     54%         3    N/A
 Tukima's Dance           Hex            ###.....     54%         3    N/A
 Cause Fear               Hex            ###.......   91%         4    N/A
 Leda's Liquefaction      Hex/Erth       ###.......   91%         4    N/A
 Summon Ice Beast         Ice/Summ       ###.....     91%         4    N/A
 Summon Mana Viper        Hex/Summ       ###.....     99%         5    N/A
 Dispersal                Tloc           ####......   100%        6    N/A
 Summon Hydra             Summ           ###.......   100%        7    N/A
 Controlled Blink         Tloc           N/A          100%        8    N/A
 Disjunction              Tloc           ####......   100%        8    N/A

Skill      XL: |  1  2  3  4  5  6  7  8  9 10 11 12 13 14 15 16 |
---------------+-------------------------------------------------+-----
Conjurations   | 1 2 3 4 6 8 9 10 | 10.0
Spellcasting   | 3 4 5 6 9 10 11 12 | 12.5
Air Magic      | 3 4 5 6 8 9 10 | 10.0
Fighting       | 4 6 8 10 11 12 | 12.9
Armour         | 1 4 6 7 8 9 10 | 10.0
Fire Magic     | 4 7 10 11 | 11.8
Poison Magic   | 4 5 |  5.0
Translocations | 3 |  3.0
Shields        | 3 6 |  6.8
Dodging        | |  1.5
Stealth        | |  1.5

Action                   |  1- 3 |  4- 6 |  7- 9 | 10-12 | 13-15 | 16-18 || total
-------------------------+-------+-------+-------+-------+-------+-------++-------
Melee: Unarmed           |    37 |       |       |       |       |       ||    37
       Dagger            |    54 |    68 |    94 |       |       |       ||   216
       Pair of quick bla |       |       |    47 |   195 |    99 |       ||   341
       Spear             |       |       |       |    65 |   105 |    40 ||   210
       Staff             |       |       |       |       |    62 |    31 ||    93
Throw: Throwing net      |       |       |       |       |     1 |       ||     1
 Cast: Shock             |    60 |    66 |   137 |    45 |    45 |     3 ||   356
       Airstrike         |       |     2 |    47 |   155 |   160 |    83 ||   447
       Static Discharge  |       |     3 |     9 |    23 |    45 |    29 ||   109
       Lightning Bolt    |       |       |    13 |   114 |   410 |   276 ||   813
       Ozocubu's Armour  |       |       |       |     2 |       |       ||     2
       Olgreb's Toxic Ra |       |       |       |       |    67 |    23 ||    90
       Apportation       |       |       |       |       |       |     1 ||     1
Evoke: Wand              |       |     6 |     1 |     7 |    15 |     1 ||    30
       Phial of floods   |       |       |       |       |     1 |       ||     1
  Use: Scroll            |       |    10 |     3 |     6 |    21 |     6 ||    46
 Stab: Sleeping          |       |     2 |     5 |     5 |       |       ||    12
Armor: Robe              |    26 |    33 |       |       |       |       ||    59
       Leather armour    |       |     4 |    88 |    19 |       |       ||   111
       Ring mail         |       |       |       |   144 |   353 |   140 ||   637
Dodge: Dodged            |   105 |    89 |   104 |   203 |   295 |    95 ||   891
Block: Shield            |       |       |       |       |    55 |   240 ||   295
       Buckler           |       |       |       |       |     6 |       ||     6

Inventory:

Hand Weapons
 b - the +6 spear "Kueri" {pain, Int+4} In the hands of one skilled in necromantic magic, it inflicts extra damage on living creatures. It affects your intelligence (+4).
Armour
 c - a +0 pair of gloves (worn)
 j - a +2 hat (worn)
 k - the +4 shield of Vehumet's Supremacy (worn) {rF+}

   It protects you from fire.
 o - a +2 pair of boots (worn)
 q - a +2 cloak (worn)
 E - a +1 ring mail of fire resistance (worn)
Magical Staves
 a - an uncursed staff of conjuration (weapon)
 G - an uncursed staff of energy
Jewellery
 d - the ring "Rothrige" {rC+ MR+ Int+4 Slay-3 Stlth+}

   [ring of stealth]

   It affects your intelligence (+4).
   It affects your accuracy and damage with ranged weapons and melee attacks
   (-3).
   It protects you from cold.
   It affects your resistance to hostile enchantments.
   It makes you more stealthy.
 e - an amulet of magic regeneration (around neck)
 g - an uncursed ring of fire
 s - a ring of magical power (left hand)
 u - an uncursed ring of protection from magic
 z - a +5 ring of intelligence (right hand)
 A - the ring of Tahue {rElec Str+3 Int+2 Stlth+}

   [ring of stealth]

   It affects your strength (+3).
   It affects your intelligence (+2).
   It insulates you from electricity.
   It makes you more stealthy.
 F - an uncursed ring of wizardry
Wands
 l - a wand of iceblast (15)
 p - a wand of scattershot (5)
 v - a wand of acid (4)
Scrolls
 f - 8 scrolls of fog
 h - 3 scrolls of immolation
 i - a scroll of amnesia
 n - 5 scrolls of remove curse
 r - 6 scrolls of identify
 t - 9 scrolls of teleportation
 y - a scroll of magic mapping
Miscellaneous
 C - a phial of floods


You were on level 3 of the Swamp.
You worshipped Vehumet.
Vehumet was extremely pleased with you.
You were not hungry.

You visited 5 branches of the dungeon, and saw 28 of its levels.
You also visited: Gauntlet.

You collected 3141 gold pieces.
You spent 571 gold pieces at shops.

Dungeon Overview and Level Annotations

Branches:
Dungeon (15/15)            Temple (1/1) D:6            Lair (6/6) D:8
  Swamp (4/4) Lair:3        Snake (0/4) Lair:4        Slime (0/5) Lair:6
    Orc (2/2) D:10            Elf (0/3) Orc:2        Vaults (0/5) D:13
 Depths (0/5) D:15

Altars:
Ashenzari
Cheibriados
Dithmenos
Elyvilon
Fedhas
Gozag
Hepliaklqana
Kikubaaqudgha
Makhleb
Nemelex Xobeh
Okawaru
Qazlal
Ru
Sif Muna
Uskayaw
Vehumet
Wu Jian
Xom
Yredelemnul
The Shining One
Beogh

Shops:
D:7 =   D:10 (   D:14 ![   Orc:2 [([}

≈..≈...♣≈..≈≈≈≈.≈....≈≈♣♣..♣♣§...
≈≈...♣♣≈.≈≈≈♣♣♣♣♣..≈≈≈♣♣♣§.♣♣.≈≈§
≈≈.≈≈...≈≈≈≈≈♣ ♣♣.≈≈.♣♣ ♣♣≈♣≈.≈≈≈
≈≈≈≈≈≈≈≈≈≈≈≈♣♣ ♣≈≈≈.§≈♣♣♣...♣♣.≈♣
≈≈≈≈≈≈≈≈≈♣♣♣♣ ♣.≈≈≈≈♣≈≈..≈≈≈≈..♣
≈≈≈≈≈≈≈.♣♣ ♣♣♣♣♣♣§♣♣.≈≈≈≈≈..♣!.
...<≈≈≈♣♣ ♣♣≈♣♣♣§♣ ♣≈≈≈≈≈≈..♣♣.
≈≈≈.≈≈♣♣ ♣♣♣≈≈♣♣D♣♣♣♣.≈≈≈..≈♣♣♣.
≈≈≈≈≈♣♣ ♣≈.≈§≈@†.§≈♣>≈≈≈≈≈≈♣ ♣.
.§..≈♣♣♣♣ ♣....♣†y≈.(..≈≈≈≈.♣♣♣♣♣
.≈..♣♣♣≈♣ ♣♣♣♣♣♣.≈≈≈...≈≈≈.......
.≈..≈♣.≈♣ ♣♣≈♣♣♣≈≈≈♣♣≈≈≈≈§.♣♣♣♣♣
≈......≈♣ ♣≈≈♣♣♣♣♣♣♣♣≈≈≈≈≈..♣♣♣.
♣♣..≈≈.≈♣ ♣♣...♣♣ ♣≈.≈≈≈...♣♣.
♣≈≈≈≈≈≈♣♣♣♣.≈≈≈.♣ ♣≈.≈≈≈≈...♣.
.≈≈...≈♣♣..≈≈≈≈.♣♣♣♣♣♣≈♣≈≈≈≈≈≈...
....♣♣♣♣≈..≈≈≈≈≈.≈..♣♣♣♣♣♣≈≈§...≈


You could see a seven-headed hydra and a vampire mosquito.

Notes
Turn   | Place    | Note
-------+----------+-------------------------------------------
     0 | D:1      | theanonym the Mummy Air Elementalist began the quest for
                  | the Orb.
     0 | D:1      | Reached XP level 1. HP: 13/13 MP: 4/4
   114 | D:1      | Reached skill level 1 in Conjurations
   207 | D:1      | Reached skill level 3 in Spellcasting
   252 | D:1      | Reached XP level 2. HP: 19/19 MP: 0/6
   431 | D:1      | HP: 9/19 [kobold (3)]
  1064 | D:2      | HP: 7/19 [hobgoblin/+0 club (6)]
  1355 | D:2      | Reached XP level 3. HP: 24/24 MP: 0/7
  1529 | D:2      | Found a shimmering altar of Xom.
  1604 | D:2      | Noticed Ijyb
  1626 | D:2      | Reached skill level 3 in Air Magic
  1640 | D:2      | HP: 11/24 [Ijyb (4)]
  1650 | D:2      | Killed Ijyb
  1650 | D:2      | Reached XP level 4. HP: 12/30 MP: 0/9
  1656 | D:2      | HP: 3/30 [worm (10)]
  1673 | D:2      | HP: 3/30 [goblin/+0 dagger (1)]
  1686 | D:2      | HP: 4/30 [goblin/+0 dagger (1)]
  1951 | D:1      | Learned a level 3 spell: Static Discharge
  1956 | D:1      | Learned a level 4 spell: Airstrike
  1990 | D:2      | Reached skill level 2 in Conjurations
  2127 | D:2      | Found an ancient bone altar of Kikubaaqudgha.
  2151 | D:2      | Reached skill level 4 in Spellcasting
  2257 | D:2      | You fall into a shaft and drop 2 floors!
  2303 | D:4      | Reached XP level 5. HP: 21/35 MP: 3/11
  2425 | D:4      | Got a transparent wooden ring
  2452 | D:4      | Noticed Natasha
  2465 | D:4      | Killed Natasha
  2472 | D:4      | Noticed Natasha
  2476 | D:4      | Killed Natasha
  2476 | D:4      | Reached XP level 6. HP: 30/41 MP: 6/13
  2494 | D:4      | HP: 10/41 [ogre/cursed -1 giant spiked club (22)]
  2498 | D:4      | Noticed Natasha
  2501 | D:4      | Reached skill level 5 in Spellcasting
  2501 | D:4      | Reached skill level 3 in Conjurations
  2501 | D:4      | Reached skill level 4 in Air Magic
  2502 | D:4      | Killed Natasha
  2602 | D:4      | HP: 17/41 [worker ant (7)]
  2853 | D:3      | Found a hazy altar of Hepliaklqana.
  2853 | D:3      | Found an ornate altar of the Wu Jian Council.
  3067 | D:4      | Identified the ring "Rothrige" {rC+ MR+ Int+4 Slay-3
                  | Stlth+} (You found it on level 4 of the Dungeon)
  3222 | D:3      | Found a blossoming altar of Fedhas.
  3372 | D:2      | Noticed Sigmund
  3381 | D:2      | Killed Sigmund
  3381 | D:2      | Reached XP level 7. HP: 46/46 MP: 8/15
  3550 | D:3      | Reached skill level 6 in Spellcasting
  3604 | D:3      | Found a burning altar of Makhleb.
  4044 | D:4      | Found a hide-covered altar of Uskayaw.
  4204 | D:5      | Entered Level 5 of the Dungeon
  4246 | D:5      | Reached skill level 4 in Conjurations
  4277 | D:5      | HP: 22/46 [centaur/arrow (13)]
  4285 | D:5      | HP: 21/46 [centaur (2)]
  4288 | D:5      | HP: 8/46 [centaur (5)]
  4544 | D:5      | HP: 22/46 [centaur/arrow (5)]
  4816 | D:5      | Reached skill level 5 in Air Magic
  5062 | D:5      | Reached XP level 8. HP: 32/52 MP: 12/18
  5075 | D:5      | Reached skill level 7 in Spellcasting
  5078 | D:5      | Found a sacrificial altar of Ru.
  5328 | D:5      | Reached skill level 5 in Conjurations
  5375 | D:5      | Reached skill level 8 in Spellcasting
  5405 | D:5      | Found a sacrificial altar of Ru.
  5739 | D:6      | Reached skill level 9 in Spellcasting
  5809 | D:6      | Reached skill level 6 in Conjurations
  6267 | D:6      | Noticed a hornet
  6272 | D:6      | Killed a hornet
  6272 | D:6      | Reached XP level 9. HP: 57/57 MP: 2/22
  6408 | D:6      | Found a staircase to the Ecumenical Temple.
  6424 | Temple   | Entered the Ecumenical Temple
  6654 | D:6      | Found the +7 pair of quick blades "Gyre" and "Gimble"
                  | {protect}
  6790 | D:6      | HP: 26/57 [something (6)]
  6811 | D:6      | HP: 19/57 [something (2)]
  6822 | D:6      | Reached skill level 10 in Spellcasting
  7169 | D:7      | Reached skill level 7 in Conjurations
  7192 | D:7      | HP: 22/57 [yak (14)]
  7205 | D:6      | HP: 24/57 [yak (1)]
  7610 | D:7      | Learned a level 5 spell: Lightning Bolt
  7616 | D:7      | Noticed Joseph
  7619 | D:7      | Killed Joseph
  7619 | D:7      | Reached skill level 6 in Air Magic
  7637 | D:7      | Noticed Pikel
  7943 | D:7      | Found Binurumi's Jewellery Shop.
  8054 | D:7      | Found a shadowy altar of Dithmenos.
  8099 | D:7      | Reached skill level 8 in Conjurations
  8099 | D:7      | Reached XP level 10. HP: 63/63 MP: 8/24
  8216 | D:7      | Killed Pikel
  8319 | D:7      | Reached skill level 7 in Air Magic
  8573 | D:8      | Found a radiant altar of Vehumet.
  8691 | D:8      | Reached skill level 1 in Fighting
  8844 | D:8      | Reached skill level 2 in Fighting
  8967 | D:8      | Became a worshipper of Vehumet
  9044 | D:8      | Found a staircase to the Lair.
  9426 | D:9      | Found a glowing golden altar of the Shining One.
  9467 | D:9      | Reached skill level 9 in Conjurations
  9521 | D:9      | Learned a level 3 spell: Ozocubu's Armour
  9557 | D:9      | Noticed a two-headed ogre
  9562 | D:9      | Killed a two-headed ogre
  9562 | D:9      | Reached skill level 3 in Fighting
  9774 | D:9      | HP: 32/70 [bounced beam (36)]
  9855 | D:9      | Reached skill level 8 in Air Magic
  9933 | D:9      | Found an ornate altar of the Wu Jian Council.
 10140 | D:10     | Entered Level 10 of the Dungeon
 10140 | D:10     | Noticed Fannar
 10151 | D:9      | Reached skill level 1 in Armour
 10301 | D:10     | HP: 31/71 [Fannar/bolt of cold (5)]
 10310 | D:9      | Killed Fannar
 10310 | D:9      | Reached skill level 4 in Fighting
 10310 | D:9      | Reached XP level 11. HP: 27/77 MP: 3/25
 10552 | D:10     | Reached * piety under Vehumet
 10552 | D:10     | Offered knowledge of Sting by Vehumet.
 10737 | D:10     | Found a runed translucent door.
 10737 | D:10     | Identified the +6 spear "Kueri" {pain, Int+4}
 10738 | D:10     | Noticed Sassenached's ghost (novice GrEE)
 10748 | D:10     | Found a staircase to the Orcish Mines.
 10780 | D:10     | Reached skill level 2 in Armour
 10999 | D:10     | Found the +7 mace of Variability {chain chaos}
 11437 | D:10     | Found Sinoagen's Weapon Shop.
 11555 | D:11     | Noticed a skeletal warrior
 11556 | D:11     | Reached ** piety under Vehumet
 11556 | D:11     | Offered knowledge of Magic Dart by Vehumet.
 11561 | D:10     | HP: 15/78 [Sassenached's ghost/stone arrow (30)]
 11931 | D:10     | HP: 39/78 [Sassenached's ghost/blast of rock fragments
                  | (39)]
 12245 | D:10     | Killed Sassenached's ghost
 12245 | D:10     | Reached skill level 5 in Fighting
 12373 | Orc:1    | Entered Level 1 of the Orcish Mines
 12373 | Orc:1    | Noticed Jorgrun
 12374 | Orc:1    | Reached skill level 3 in Armour
 12375 | Orc:1    | HP: 31/79 [Jorgrun/+0 quarterstaff of crushing (9)]
 12795 | Orc:1    | HP: 26/80 [Jorgrun/blast of rock fragments (51)]
 13098 | Lair:1   | Entered Level 1 of the Lair of Beasts
 13188 | Lair:1   | HP: 38/81 [crocodile (12)]
 13566 | Lair:1   | Reached skill level 10 in Conjurations
 13706 | Lair:1   | Reached skill level 9 in Air Magic
 13706 | Lair:1   | Reached skill level 6 in Fighting
 13713 | Lair:1   | HP: 36/81 [porcupine's spines (6)]
 14307 | Lair:1   | Reached skill level 4 in Armour
 14312 | Lair:1   | Offered knowledge of Searing Ray by Vehumet.
 14881 | Lair:2   | Reached XP level 12. HP: 86/89 MP: 16/26
 14962 | Lair:2   | Noticed Nergalle
 14968 | Lair:2   | Killed Nergalle
 15125 | Lair:2   | Reached *** piety under Vehumet
 15154 | Lair:2   | Reached skill level 7 in Fighting
 15383 | Lair:2   | Reached skill level 5 in Armour
 15796 | Lair:3   | HP: 44/91 [rime drake (5)]
 15801 | Lair:2   | HP: 33/91 [rime drake/flash freeze (12)]
 15806 | Lair:2   | HP: 29/91 [rime drake (3)]
 16243 | Lair:3   | Offered knowledge of Inner Flame by Vehumet.
 16248 | Lair:3   | Learned a level 3 spell: Inner Flame
 16495 | Lair:3   | Reached skill level 1 in Fire Magic
 16781 | Lair:3   | Identified the +4 long sword "Giyc" {slice, Dex+6} (You
                  | found it on level 3 of the Lair of Beasts)
 16804 | Lair:3   | Found a staircase to the Swamp.
 17071 | Lair:4   | Found a staircase to the Snake Pit.
 17092 | Lair:4   | Reached skill level 8 in Fighting
 17101 | Lair:3   | Reached skill level 10 in Air Magic
 17260 | Lair:4   | Reached skill level 2 in Fire Magic
 17267 | Lair:4   | HP: 42/92 [spiny frog (13)]
 17271 | Lair:4   | Noticed a four-headed hydra
 17527 | Lair:4   | Reached skill level 6 in Armour
 17699 | Lair:4   | Reached skill level 3 in Fire Magic
 17720 | Lair:4   | Reached **** piety under Vehumet
 17770 | Lair:4   | Killed a four-headed hydra
 18539 | Lair:5   | Offered knowledge of Olgreb's Toxic Radiance by Vehumet.
 18555 | Lair:5   | Reached skill level 4 in Fire Magic
 18593 | Lair:5   | Gained mutation: You are in touch with the powers of death.
                  | [Mummy growth]
 18593 | Lair:5   | Reached XP level 13. HP: 92/99 MP: 5/27
 18629 | Lair:5   | Learned a level 4 spell: Olgreb's Toxic Radiance
 18865 | Lair:5   | Reached skill level 1 in Poison Magic
 18954 | Lair:5   | Reached skill level 5 in Fire Magic
 19083 | Lair:5   | Noticed Rupert
 19095 | Lair:5   | Reached skill level 9 in Fighting
 19098 | Lair:5   | HP: 46/101 [Rupert/+2 great mace of draining (7)]
 19102 | Lair:5   | Killed Rupert
 19708 | Lair:6   | Entered Level 6 of the Lair of Beasts
 19710 | Lair:6   | Reached skill level 2 in Poison Magic
 19738 | Lair:6   | Reached skill level 7 in Armour
 19762 | Lair:6   | Found a gate leading to a gauntlet.
 19774 | Lair:6   | HP: 47/101 [blink frog (6)]
 19776 | Gauntlet | Entered a Gauntlet
 19776 | Gauntlet | Found a transporter.
 19776 | Gauntlet | Found a transporter.
 20003 | Gauntlet | Found a transporter.
 20007 | Gauntlet | Found a transporter.
 20019 | Gauntlet | Found a transporter.
 20038 | Gauntlet | Found a transporter.
 20044 | Gauntlet | Found a transporter.
 20052 | Gauntlet | Found a transporter.
 20072 | Gauntlet | Found a transporter.
 20078 | Gauntlet | Found a transporter.
 20096 | Gauntlet | Found a transporter.
 20119 | Gauntlet | Found a transporter.
 20477 | Gauntlet | Got a faintly glowing wooden ring
 20478 | Gauntlet | Identified the ring of Zeafa {Fire rElec rN+ Int-3} (You
                  | found it in a Gauntlet)
 20508 | Gauntlet | HP: 48/101 [small abomination (12)]
 20510 | Gauntlet | Reached skill level 6 in Fire Magic
 20516 | Gauntlet | Got a faintly glowing jade ring
 20517 | Gauntlet | Identified the ring of Botuxast {rF- rN+ MR+ Str+4} (You
                  | found it in a Gauntlet)
 20709 | Gauntlet | Noticed a minotaur
 20715 | Gauntlet | Killed a minotaur
 20726 | Gauntlet | Got a wavering pewter ring
 20729 | Gauntlet | Identified the ring of Tahue {rElec Str+3 Int+2 Stlth+}
                  | (You found it in a Gauntlet)
 20775 | Lair:6   | Reached ***** piety under Vehumet
 20777 | Lair:6   | Offered knowledge of Venom Bolt by Vehumet.
 20777 | Lair:6   | Reached skill level 3 in Poison Magic
 21016 | Lair:6   | HP: 50/101 [hippogriff (5)]
 21316 | Lair:6   | Reached skill level 7 in Fire Magic
 21325 | Lair:6   | HP: 49/103 [black mamba (8)]
 21330 | Lair:6   | HP: 28/103 [spiny frog (6)]
 21340 | Lair:6   | HP: 28/103 [spiny frog (2)]
 21827 | Lair:6   | HP: 43/103 [death yak (13)]
 22201 | Lair:6   | Reached skill level 10 in Fighting
 22285 | Lair:6   | Reached skill level 4 in Poison Magic
 22506 | Lair:6   | Found a staircase to the Slime Pits.
 22525 | Lair:6   | Reached XP level 14. HP: 110/110 MP: 20/28
 23019 | Lair:6   | Reached skill level 8 in Fire Magic
 23133 | Lair:6   | Learned a level 1 spell: Apportation
 23164 | Lair:6   | HP: 55/110 [anaconda (1)]
 23425 | Lair:6   | HP: 49/111 [dire elephant (11)]
 23426 | Lair:6   | HP: 23/111 [dire elephant (17)]
 24257 | Lair:6   | Found a staircase to the Slime Pits.
 24390 | Lair:6   | Reached skill level 1 in Translocations
 25023 | Lair:6   | Found a staircase to the Slime Pits.
 25586 | Orc:1    | Noticed an orc warlord
 25597 | D:10     | Killed Jorgrun
 25597 | D:10     | Reached skill level 5 in Poison Magic
 25997 | Orc:1    | HP: 53/111 [orc warrior/+1 halberd of venom (8)]
 26238 | Orc:1    | Noticed Gastronok
 26394 | Orc:1    | Killed Gastronok
 26398 | Orc:1    | Killed an orc warlord
 26398 | Orc:1    | Reached skill level 2 in Translocations
 26398 | Orc:1    | Reached skill level 9 in Fire Magic
 26605 | Orc:2    | Entered Level 2 of the Orcish Mines
 26914 | Orc:2    | Found a staircase to the Elven Halls.
 26935 | Orc:2    | Noticed Azrael
 26955 | Orc:2    | HP: 35/111 [hell hound/blast of flame[Azrael] (21)]
 27283 | Orc:1    | HP: 54/111 [fire elemental[Azrael] (8)]
 27939 | D:11     | Noticed Josephine
 27941 | D:11     | Killed Josephine
 28281 | D:11     | Reached skill level 11 in Fighting
 28291 | D:11     | Reached skill level 3 in Translocations
 28321 | D:11     | Reached skill level 8 in Armour
 28810 | D:11     | Offered knowledge of Poison Arrow by Vehumet.
 29530 | D:12     | HP: 45/113 [red ugly thing (16)]
 29931 | D:12     | HP: 49/113 [centaur/arrow (9)]
 29944 | D:12     | HP: 44/113 [centaur warrior skeleton (2)]
 30253 | D:12     | Reached skill level 10 in Fire Magic
 30275 | D:12     | Reached XP level 15. HP: 119/119 MP: 15/29
 30352 | D:12     | Found a roughly hewn altar of Beogh.
 31595 | D:13     | Offered knowledge of Conjure Ball Lightning by Vehumet.
 31989 | D:13     | Found a blossoming altar of Fedhas.
 32041 | D:13     | Found a gate to the Vaults.
 33365 | D:14     | Found Karedeplim's Armour Shop.
 33374 | D:14     | Bought a +0 buckler for 81 gold pieces
 33408 | D:14     | Found Toawigg's Distillery.
 33697 | D:14     | Reached skill level 1 in Shields
 33931 | D:14     | You fall into a shaft and drop 1 floor!
 33931 | D:15     | Entered Level 15 of the Dungeon
 34143 | D:15     | Reached skill level 9 in Armour
 34314 | D:15     | Reached skill level 11 in Fire Magic
 34496 | D:15     | Offered knowledge of Iskenderun's Battlesphere by Vehumet.
 34496 | D:15     | Reached skill level 2 in Shields
 34497 | D:15     | Reached skill level 11 in Spellcasting
 34538 | D:15     | Reached skill level 12 in Fighting
 35483 | D:15     | Reached skill level 3 in Shields
 35575 | D:15     | Found a staircase to the Depths.
 35957 | D:7      | Bought an uncursed ring of fire for 325 gold pieces
 36084 | Orc:1    | Killed Azrael
 36211 | Orc:2    | Noticed Blork the orc
 36212 | Orc:2    | Killed Blork the orc
 36301 | Orc:2    | HP: 54/120 [warg[an orc knight] (11)]
 36305 | Orc:2    | HP: 21/120 [orc knight/+0 long sword (12)]
 36307 | Orc:2    | HP: 5/120 [orc knight/+0 long sword (17)]
 36787 | Orc:2    | Found a roughly hewn altar of Beogh.
 36821 | Orc:2    | Noticed an orc warlord
 36956 | Orc:2    | Killed an orc warlord
 36963 | Orc:1    | HP: 56/120 [orc sorcerer/+0 dagger[an orc warlord] (10)]
 36972 | Orc:1    | HP: 40/121 [warg[an orc warlord] (12)]
 37347 | Orc:2    | Found a roughly hewn altar of Beogh.
 37347 | Orc:2    | Found Toinosul's Antique Armour Shop.
 37465 | Orc:2    | Bought a pair of embroidered gloves for 165 gold pieces
 37507 | Orc:2    | Identified the +4 shield of Vehumet's Supremacy {rF+}
 37507 | Orc:2    | Noticed Donald
 37512 | Orc:2    | Killed Donald
 37512 | Orc:2    | Reached XP level 16. HP: 127/127 MP: 18/31
 37517 | Orc:2    | Offered knowledge of Spellforged Servitor by Vehumet.
 37574 | Orc:2    | HP: 63/127 [orc warrior/+0 halberd (16)]
 37643 | Orc:2    | Reached skill level 4 in Shields
 37643 | Orc:2    | HP: 47/127 [orc warrior/+0 glaive (24)]
 37661 | Orc:2    | Found a roughly hewn altar of Beogh.
 38699 | Orc:2    | Found Becviats's Antique Armour Emporium.
 38743 | Orc:2    | Found a roughly hewn altar of Beogh.
 38745 | Orc:2    | Found Eliuprod's Antique Weapon Shoppe.
 38824 | Orc:2    | Found a roughly hewn altar of Beogh.
 39006 | Orc:2    | Found a roughly hewn altar of Beogh.
 39068 | Orc:2    | Found a roughly hewn altar of Beogh.
 39072 | Orc:2    | Found Ulokisury's Gadget Shop.
 39224 | D:9      | Learned a level 7 spell: Spellforged Servitor
 39353 | Swamp:1  | Entered Level 1 of the Swamp
 39448 | Lair:3   | HP: 60/128 [vampire mosquito (5)]
 39453 | Lair:3   | HP: 43/128 [/static electricity (1)]
 40406 | Swamp:1  | Reached skill level 5 in Shields
 41184 | Swamp:2  | Reached ****** piety under Vehumet
 41404 | Swamp:2  | HP: 61/129 [spriggan druid/stone arrow (39)]
 41687 | Swamp:2  | Offered knowledge of Iron Shot by Vehumet.
 41687 | Swamp:2  | Reached skill level 12 in Spellcasting
 41695 | Swamp:2  | Learned a level 6 spell: Iron Shot
 41925 | Swamp:2  | Identified the cursed +1 whip of the Valley of Death
                  | {slash, rN+} (You found it on level 2 of the Swamp)
 41931 | Swamp:2  | Noticed a thorn hunter
 42382 | Swamp:2  | Killed a thorn hunter
 43165 | Swamp:3  | HP: 64/129 [/static electricity (2)]
 43167 | Swamp:3  | HP: 25/129 [tyrant leech (24)]
 43171 | Swamp:3  | HP: 10/129 [tyrant leech (14)]
 43587 | Swamp:3  | Reached skill level 6 in Shields
 44693 | Swamp:4  | Entered Level 4 of the Swamp
 45173 | Swamp:4  | HP: 64/129 [spriggan rider/+0 spear (18)]
 45498 | Swamp:4  | Reached skill level 10 in Armour
 45809 | Swamp:3  | HP: 57/129 [seven-headed hydra (8)]
 45811 | Swamp:3  | HP: 27/129 [seven-headed hydra (2)]
 45812 | Swamp:3  | HP: 9/129 [seven-headed hydra (10)]
 45812 | Swamp:3  | HP: 2/129 [seven-headed hydra (7)]
 45812 | Swamp:3  | Slain by a seven-headed hydra

Vanquished Creatures
  Jorgrun (D:10)
  Rupert (Lair:5)
  A thorn hunter (Swamp:2)
  Gastronok (Orc:1)
  Donald (Orc:2)
  3 orc warlords
  6 dire elephants (Lair:6)
  A minotaur (Gauntlet)
  Azrael (Orc:1)
  A fire dragon (Swamp:4)
  Josephine (D:11)
  Fannar (D:9)
  4 vault guards (D:13)
  2 ghost crabs
  12 hydras
  A shambling mangrove (Swamp:3)
  5 centaur warriors
  A catoblepas (Lair:5)
  An anaconda (Lair:6)
  11 alligators
  2 tengu warriors
  5 two-headed ogres
  6 death yaks
  2 orc high priests (Orc:2)
  The ghost of Sassenached the Geomancer, a novice GrEE of Sif Muna (D:10)
  Nergalle (Lair:2)
  18 slime creatures
  A glowing orange brain (D:15)
  5 swamp dragons
  4 spriggan druids
  3 skeletal warriors
  An unseen horror (D:13)
  Pikel (D:7)
  A wolf spider zombie (D:14)
  3 orc knights (Orc:2)
  3 deep elf magi
  3 cyclopes
  4 orc sorcerers
  2 manticores
  9 ugly things
  4 elephants (Lair:6)
  Joseph (D:7)
  4 black mambas
  A centaur zombie (D:13)
  3 gargoyles (D:14)
  16 spiny frogs
  8 komodo dragons
  6 rime drakes
  A tengu conjurer (D:15)
  A yaktaur (shapeshifter) (D:15)
  8 trolls
  A jumping spider (shapeshifter) (D:15)
  A meliai (shapeshifter) (D:15)
  8 hornets
  4 polar bears
  18 dream sheep
  8 blink frogs
  10 tyrant leeches
  4 bog bodies
  12 hippogriffs
  A meliai zombie (D:15)
  2 large abominations (Gauntlet)
  3 shadows
  2 centaur simulacra (Gauntlet)
  5 spriggans
  3 basilisks
  5 wraiths
  Sigmund (D:2)
  4 hogs (D:7)
  37 yaks
  2 wyverns
  5 hungry ghosts
  A human (D:7)
  A steam dragon (Swamp:4)
  2 fire elementals
  18 vampire mosquitoes
  A harpy simulacrum (Gauntlet)
  4 wargs
  18 swamp worms
  13 insubstantial wisps
  2 acid dragons
  5 hell hounds
  8 water moccasins
  4 nagas (Lair:4)
  8 porcupines
  63 orc warriors
  6 swamp drakes
  8 ice beasts
  2 phantoms
  A swamp drake (shapeshifter) (D:15)
  A slave (D:6)
  3 black bears
  3 sky beasts
  A necrophage (D:9)
  2 eyes of draining
  17 wolves
  20 ogres
  A tengu (shapeshifter) (D:15)
  24 centaurs
  9 crocodiles
  2 big kobolds
  4 small abominations (Gauntlet)
  A gnoll sergeant (Orc:2)
  Blork the orc (Orc:2)
  A wyvern zombie (D:13)
  19 bullfrogs
  A hornet simulacrum (D:15)
  3 wyvern skeletons
  5 scorpions
  9 killer bees
  18 wights
  2 electric eels
  5 howler monkeys
  A vampire bat (D:2)
  9 crimson imps
  3 bullfrog zombies
  A quasit (D:12)
  10 hounds
  17 orc priests
  8 jellies
  2 bullfrog skeletons
  5 centaur skeletons
  2 iguanas
  Ijyb (D:2)
  Natasha (thrice) (D:4)
  13 worker ants
  26 orc wizards
  A howler monkey skeleton (D:6)
  14 adders
  A shadow imp (D:10)
  2 adder zombies
  2 worms
  2 dart slugs
  4 leopard geckos
  122 orcs
  2 bat skeletons (D:2)
  5 bat zombies (D:2)
  4 giant cockroaches
  6 hobgoblins
  13 jackals
  8 kobolds
  4 quokkas
  2 ball pythons
  7 bats
  3 frilled lizards
  A giant cockroach zombie (D:6)
  11 goblins
  A jackal skeleton (D:7)
  A jackal zombie (D:7)
  8 rats
  A butterfly (D:2)
  2 fungi
  3 plants
968 creatures vanquished.

Vanquished Creatures (others)
  A swamp dragon (Swamp:4)
  A tyrant leech (Swamp:2)
  3 steam dragons (Swamp:4)
  3 swamp drakes (Swamp:4)
  An orc wizard (D:7)
  An orc (D:10)
  2 briar patches (Swamp:2)
  A bush (Lair:1)
  34 fungi
  25 plants
  6 withered plants (Gauntlet)
78 creatures vanquished.

Grand Total: 1046 creatures vanquished

Table legend:
 A = Turns spent in this place as a percentage of turns spent in the entire game.
 B = Non-inter-level travel turns spent in this place as a percentage of non-inter-level travel turns spent in the entire game.
 C = Inter-level travel turns spent in this place as a percentage of turns spent in this place.
 D = Turns resting spent in this place as a percentage of non-inter-level travel turns spent in this place.
 E = Turns spent auto-exploring this place as a percentage of non-inter-level travel turns spent in this place.
 F = Non-inter-level travel turns spent in this place divided by the number of levels of this place that you've seen.
                   A       B       C       D       E      F
               +-------+-------+-------+-------+-------+----------------------
         Total | 100.0 | 100.0 |   6.1 |  47.3 |  38.9 | 1483.5
       Dungeon |  48.4 |  47.7 |   7.5 |  41.4 |  43.2 | 1368.5
        Temple |   0.2 |   0.2 |   5.6 |   0.0 |  91.7 |  84.0
          Lair |  26.1 |  26.1 |   6.1 |  44.6 |  44.3 | 1872.7
         Swamp |  13.3 |  13.5 |   5.1 |  60.3 |  28.4 | 1447.0
  Orcish Mines |   9.8 |  10.2 |   2.1 |  63.8 |  22.6 | 2200.0
      Gauntlet |   2.2 |   2.3 |   0.0 |  56.3 |  19.1 | 986.0
               +-------+-------+-------+-------+-------+----------------------
